Unix NetHack Version 5.0.0-0 post-release - last build May 31 2026 23:59:36 (970b52f25bf058293b47ddfd14a1e40e571c508c,branch:main).

Game began 2026-06-01 20:03:13, ended 2026-06-02 04:32:16.

Koku, neutral female gnomish Wizard

             ..`
             .@fi
             ..a

Koku the Conjurer         St:8 Dx:12 Co:14 In:18 Wi:11 Ch:14  Neutral
Dlvl:5  $:44 HP:0(32) Pw:30(30) AC:3  Xp:4 T:1861 

Latest messages:
 Tulip bites the orc zombie.
 The orc zombie misses Tulip.
 The orc zombie hits!
 Tulip bites the orc zombie.
 The orc zombie is destroyed!
 The cave spider bites!
 Tulip bites the cave spider.
 The cave spider misses Tulip.
 Tulip bites the cave spider.
 The cave spider is killed!
 Tulip grows up into a housecat.
 Tulip misses the hobgoblin.
 You dream that you hear crashing rock.
 Tulip misses the hobgoblin.
 The hobgoblin hits!
 Tulip misses the hobgoblin.
 Tulip misses the hobgoblin.
 The hobgoblin hits!
 Tulip bites the hobgoblin.
 The hobgoblin misses Tulip.
 Tulip misses the hobgoblin.
 Tulip misses the hobgoblin.
 The hobgoblin just misses!
 Tulip misses the hobgoblin.
 Tulip bites the hobgoblin.
 The hobgoblin is killed!
 Tulip misses the giant ant.
 The giant ant bites!
 Tulip misses the giant ant.
 The giant ant bites!
 Tulip misses the giant ant.
 Tulip bites the giant ant.
 The giant ant misses Tulip.
 The giant ant bites!
 Tulip bites the giant ant.
 The giant ant is killed!
 Tulip eats a hobgoblin corpse.
 The giant ant bites!
 The giant ant misses!
 You dream that you hear crashing rock.
 The giant ant bites!
 The giant ant bites!
 The giant ant bites!
 The giant ant bites!
 You die...
 Do you want your possessions identified? [ynq] (y) y
 Do you want to see your attributes? [ynq] (y) y
 Do you want an account of creatures vanquished? [ynaq] (y) y
 Do you want to see your conduct and achievements? [ynq] (y) y
 Do you want to see the dungeon overview? [ynq] (y) y

Inventory:
 Coins    ('$')
  $ - 44 gold pieces
 Weapons  (')')
  B - a +0 dagger (at the ready)
  J - a +0 elven dagger
  a - a blessed +1 quarterstaff (weapon in hands)
  s - a +0 silver mace
 Armor    ('[')
  r - an uncursed +0 orcish helm (being worn)
  q - an uncursed +0 pair of high boots (being worn)
  b - a blessed +3 cloak of magic resistance (being worn)
  z - an uncursed +2 oilskin cloak
 Comestibles  ('%')
  u - an uncursed food ration
 Scrolls  ('?')
  v - an uncursed scroll of enchant weapon
  x - a cursed scroll of identify
  h - an uncursed scroll of scare monster
  w - a cursed scroll of scare monster
 Spellbooks  ('+')
  k - an uncursed spellbook of blank paper
  j - a blessed spellbook of force bolt
 Potions  ('!')
  n - 2 uncursed potions of gain level
  g - 4 uncursed potions of healing
  f - an uncursed potion of paralysis
 Rings    ('=')
  e - an uncursed ring of invisibility
  d - an uncursed ring of polymorph control
 Wands    ('/')
  c - a wand of lightning (0:8)
  p - a wand of slow monster (0:7)
 Tools    ('(')
  l - a magic marker (0:20)
 Gems/Stones  ('*')
  t - an uncursed jet stone
  G - an uncursed opal
  K - an uncursed worthless piece of yellowish brown glass

Koku the Wizard's attributes:

Background:
 You were a Conjurer, a level 4 female gnomish Wizard.
 You were neutral, nominally on a mission for Thoth
 who was opposed by Ptah (lawful) and Anhur (chaotic).
 You were right-handed.
 You were in the Gnomish Mines, on level 5.
 You entered the dungeon 1861 turns ago.
 It was nighttime.
 There was a full moon in effect when your adventure ended.
 You had 109 experience points, 51 more were needed to attain level 5.

Basics:
 You had 0 out of 32 hit points.
 You had all 30 energy points (spell power).
 Your armor class was 3.
 Your wallet contained 44 zorkmids.
 Autopickup was off.

Final Characteristics:
 Your strength was 8 (limit:18/50).
 Your dexterity was 12 (limit:18).
 Your constitution was 14 (limit:18).
 Your intelligence was 18 (limit:19).
 Your wisdom was 11 (limit:18).
 Your charisma was 14 (limit:18).

Final Status:
 You weren't hungry.
 You were unencumbered.
 You were wielding a quarterstaff.
 You had basic skill with quarterstaff.

Final Attributes:
 You were devoutly aligned.
 You were magic-protected.
 You were telepathic.
 You had infravision.
 You were warded.
 You were lucky.
 You are dead.

Miscellaneous:
 You didn't encounter any bones levels.
 Total elapsed playing time was 11 minutes and 24 seconds.

Major events:
 Turn
    1: Koku the neutral female gnomish Wizard entered the dungeon
 1066: entered the Gnomish Mines
 1085: attained the rank of Conjurer (level 3)
 1861: killed by a giant ant, while sleeping

Spells:
 Name                 Level Category     Fail Retention
 force bolt             1   attack         0%  91%-100%
 confuse monster        1   enchantment    0%  91%-100%

Skills:
 Fighting Skills
   bare handed combat [Unskilled]
   riding             [Unskilled]
 Weapon Skills
   dagger             [Unskilled]
   knife              [Unskilled]
   axe                [Unskilled]
   short sword        [Unskilled]
   club               [Unskilled]
   mace               [Unskilled]
   quarterstaff       [Basic]
   polearms           [Unskilled]
   spear              [Unskilled]
   trident            [Unskilled]
   sling              [Unskilled]
   dart               [Unskilled]
   shuriken           [Unskilled]
 Spellcasting Skills
   attack spells      [Basic]
   healing spells     [Unskilled]
   divination spells  [Unskilled]
   enchantment spells [Basic]
   clerical spells    [Unskilled]
   escape spells      [Unskilled]
   matter spells      [Unskilled]

Voluntary challenges:
 Character rerolling was not enabled.
 You were an atheist.
 You never genocided any monsters.
 You never polymorphed an object.
 You never changed form.
 You used no wishes.
Achievements:
 You entered the Gnomish Mines.
 You attained the rank of Conjurer.

 The Dungeons of Doom: levels 1 to 4
    Level 1:
       Some fountains.
    Level 2:
       Some fountains, a sink.
    Level 3:
       Stairs down to The Gnomish Mines.
    Level 4:
 The Gnomish Mines: levels 4 to 5
    Level 4:
    Level 5: <- You were here.
       Final resting place for
          you, killed by a giant ant, while sleeping.


Vanquished creatures:
  a gray ooze
  a giant ant
  a floating eye
  2 dwarves
  2 hill orcs
 an orc zombie
  a wererat
 an iguana
  a gas spore
  a hobbit
  2 hobgoblins
  a cave spider
  3 gnomes
  2 gnome zombies
  2 geckos
  5 jackals
  a fox
  a kobold
  2 goblins
  8 grid bugs
  a bat
  3 lichens
  5 newts
48 creatures vanquished.

No species were genocided or became extinct.

Game over:
                       ----------
                      /          \
                     /    REST    \
                    /      IN      \
                   /     PEACE      \
                  /                  \
                  |       Koku       |
                  |      44 Au       |
                  |   killed by a    |
                  |    giant ant     |
                  |                  |
                  |                  |
                  |       2026       |
                 *|     *  *  *      | *
        _________)/\\_//(\/(/\)/\//\/|_)_______

Goodbye Koku the Wizard...

You died in The Gnomish Mines on dungeon level 5 with 696 points,
and 44 pieces of gold, after 1861 moves.
You were level 4 with a maximum of 32 hit points when you died.

